Workbook

Sheet Cover
B24: ESTIMATE
B31: FOR
B38: PROPOSED TWO STOREY REAR EXTENSION
B47: PROJECT: SAMPLE FOR SUBSTRUCTURE
B57: DATE:

Sheet Qual, Excl & Assum
B2: =Cover!B47 -> PROJECT: SAMPLE FOR SUBSTRUCTURE
B3: =Cover!B57 -> DATE:
B6: QUALIFICATIONS, ASSUMPTIONS & EXCLUSIONS:
A8: 1 | B8: Qualifications:-
A10: 1.1 | B10: Prices exclude VAT
A11: =+A10+0.1 -> 1.2 | B11: Pre-start meeting and site investigation will be required before commencement on site
A12: =+A11+0.1 -> 1.3 | B12: Provisional sums and PC Sums mentioned within the estimate are subject to re-measure and re-price
A13: =+A12+0.1 -> 1.4 | B13: Changes to drawings, design or specification which deviate from the information used as stated below may be subject to further cost
A14: =+A13+0.1 -> 1.5 | B14: Site inspections to be carried out, this may cause additions/omissions to the tender documents
A15: =+A14+0.1 -> 1.6 | B15: All quantities are re-measurable and used for indicative purposes only and are subject to re-measure once the project has commenced
A16: =+A15+0.1 -> 1.7 | B16: All M&E is provisional sum (as no detailed design has been provided) and a detailed design will be required in order to finalise costs
A17: =+A16+0.1 -> 1.8 | B17: We have assumed free unfettered access and normal working hours to the site
A18: =+A17+0.1 -> 1.9 | B18: The prices are valid for 8 weeks and we assume that works will commence within 12 weeks from the date of this estimate
A19: 1.1 | B19: No level surveys have been provided so all excavation quantities are provisional
A20: 1.11 | B20: There may be some items where alternative specification is used and these may differ to the specification provided
A21: 1.12 | B21: Any items not mentioned within this estimate have been specifically excluded and will be subject to further costs
A23: 2 | B23: The following items are to be organised and paid for by the client and are excluded from the total cost:
A25: 2.1 | B25: Building insurance
A26: 2.2 | B26: Utility and council tax bills
A27: 2.3 | B27: Party Wall costs and complying with conditions
A28: 2.4 | B28: Building control and costs
A29: 2.5 | B29: Structural engineers' and building regulation details
A30: 2.6 | B30: Specialist surveys
A31: 2.7 | B31: Topographical surveys
A32: 2.8 | B32: CCTV drainage surveys
... A70: 4.16 | B70: A/C

Sheet Documents
B2: =+Cover!B47 -> PROJECT: SAMPLE FOR SUBSTRUCTURE
B3: =+Cover!B57 -> DATE:
B5: INFORMATION USED
B7: The information used in the preparation of this estimate are as listed below:
B9: Document reference:
B11: HR91-02-1001
B12: HR91-02-1002
B13: HR91-02-1003
B14: HR91-02-1004
B15: HR91-02-1005
B16: PHOTOS

Sheet Summary
B2: =+Documents!B2 -> PROJECT: SAMPLE FOR SUBSTRUCTURE
B3: =+Documents!B3 -> DATE:
F4: TOTALS
B5: SUMMARY | F5: LABOUR | G5: MATERIALS | H5: L MARKUP | I5: M MARKUP | K5: Check | L5: {=CheckMissingTabs(B7:B9)} -> #NAME?
B8: Substructure | D8: =+Substructure!F99 -> 16484.922 | F8: =+Substructure!K99 -> 6676.045 | G8: =+Substructure!L99 -> 7658.67 | H8: =+Substructure!M99 -> 1001.4068 | I8: =+Substructure!N99 -> 1148.8005 | K8: =+F8+G8+I8+H8-D8 -> 0
B11: SUB TOTAL | D11: =SUM(D3:D10) -> 16484.922 | F11: =SUM(F6:F9) -> 6676.045 | G11: =SUM(G6:G10) -> 7658.67 | H11: =SUM(H6:H10) -> 1001.4068 | I11: =SUM(I6:I10) -> 1148.8005 | K11: =+F11+G11+I11+H11-D11 -> 0
B13: Preliminaries | D13: =+Preliminaries!F65 -> 0
B15: TOTAL COST (EXCLUDING VAT) | D15: =+D13+D11 -> 16484.922
B17: Anticipated Number of Weeks | C17: =+Preliminaries!J4 -> 0 | D17: Weeks

Sheet Substructure
B2: =+'Qual, Excl & Assum'!B2 -> PROJECT: SAMPLE FOR SUBSTRUCTURE
B3: =+'Qual, Excl & Assum'!B3 -> DATE:
B5: Substructure | G5: RATES | K5: TOTALS
B7: Description | C7: Quantity | D7: Unit | E7: Rate | F7: Total | G7: Labour | H7: Materials | I7: L Markup | J7: M Markup | K7: Labour | L7: Materials | M7: L Markup | N7: M Markup
N8: =IF(D8=0," ",(J8*C8))
B9: REDUCE LEVELS | N9: =IF(D9=0," ",(J9*C9))
N10: =IF(D10=0," ",(J10*C10))
A11: 1 | B11: Excavate to reduce levels | C11: =+C50*0.45 -> 17.55 | D11: m3 | E11: =G11+H11+J11+I11 -> 32.2 | F11: =E11*C11 -> 565.11 | G11: 28 | I11: =IF(D11=0," ",(G11)*(Details!$C$4+Details!$C$8)) -> 4.2 | J11: =IF(D11=0," ",(H11)*(Details!$C$6+Details!$C$8)) -> 0 | K11: =+G11*C11 -> 491.4 | L11: =+H11*C11 -> 0 | M11: =IF(D11=0," ",(I11*C11)) -> 73.71 | N11: =IF(D11=0," ",(J11*C11)) -> 0
N12: =IF(D12=0," ",(J12*C12))
A13: =IF(F13<>"",(LARGE(A$7:A12,1)+1),"") -> 2 | B13: Cart away spoil (assume clean and inert) | C13: =C11 -> 17.55 | D13: m3 | E13: =G13+H13+J13+I13 -> 11.27 | F13: =E13*C13 -> 197.7885 | G13: 9.8 | I13: =IF(D13=0," ",(G13)*(Details!$C$4+Details!$C$8)) -> 1.47 | J13: =IF(D13=0," ",(H13)*(Details!$C$6+Details!$C$8)) -> 0 | K13: =+G13*C13 -> 171.99 | L13: =+H13*C13 -> 0 | M13: =IF(D13=0," ",(I13*C13)) -> 25.7985 | N13: =IF(D13=0," ",(J13*C13)) -> 0
A14: =IF(F14<>"",(LARGE(A$7:A13,1)+1),"") | N14: =IF(D14=0," ",(J14*C14))
A15: =IF(F15<>"",(LARGE(A$7:A14,1)+1),"") | B15: FOUNDATION EXCAVATION | I15: =IF(D15=0," ",(G15)*(Details!$C$4+Details!$C$8)) | J15: =IF(D15=0," ",(H15)*(Details!$C$6+Details!$C$8)) | N15: =IF(D15=0," ",(J15*C15))
A16: =IF(F16<>"",(LARGE(A$7:A15,1)+1),"") | N16: =IF(D16=0," ",(J16*C16))
A17: =IF(F17<>"",(LARGE(A$7:A16,1)+1),"") -> 3 | B17: Excavate foundations; | C17: 15.8 | D17: m3 | E17: =G17+H17+J17+I17 -> 32.2 | F17: =E17*C17 -> 508.76 | G17: 28 | I17: =IF(D17=0," ",(G17)*(Details!$C$4+Details!$C$8)) -> 4.2 | J17: =IF(D17=0," ",(H17)*(Details!$C$6+Details!$C$8)) -> 0 | K17: =+G17*C17 -> 442.4 | L17: =+H17*C17 -> 0 | M17: =IF(D17=0," ",(I17*C17)) -> 66.36 | N17: =IF(D17=0," ",(J17*C17)) -> 0
A18: =IF(F18<>"",(LARGE(A$7:A17,1)+1),"")
A19: =IF(F19<>"",(LARGE(A$7:A18,1)+1),"") -> 4 | B19: Cart away spoil (assume clean and inert) | C19: =C17 -> 15.8 | D19: m3 | E19: =G19+H19+J19+I19 -> 11.27 | F19: =E19*C19 -> 178.066 | G19: 9.8 | I19: =IF(D19=0," ",(G19)*(Details!$C$4+Details!$C$8)) -> 1.47 | J19: =IF(D19=0," ",(H19)*(Details!$C$6+Details!$C$8)) -> 0 | K19: =+G19*C19 -> 154.84 | L19: =+H19*C19 -> 0 | M19: =IF(D19=0," ",(I19*C19)) -> 23.226 | N19: =IF(D19=0," ",(J19*C19)) -> 0
A20: =IF(F20<>"",(LARGE(A$7:A19,1)+1),"") | N20: =IF(D20=0," ",(J20*C20))
A21: =IF(F21<>"",(LARGE(A$7:A20,1)+1),"") | B21: FOUNDATION WORK
A22: =IF(F22<>"",(LARGE(A$7:A21,1)+1),"")
A23: =IF(F23<>"",(LARGE(A$7:A22,1)+1),"") -> 5 | B23: 0.6M Wide X 1.2 Depth Reinforced Concrete Footing (16 LM) | C23: =0.6*1.2*16 -> 11.52 | D23: m3 | E23: =G23+H23+J23+I23 -> 221.95 | F23: =E23*C23 -> 2556.864 | G23: 48 | H23: 145 | I23: =IF(D23=0," ",(G23)*(Details!$C$4+Details!$C$8)) -> 7.2 | J23: =IF(D23=0," ",(H23)*(Details!$C$6+Details!$C$8)) -> 21.75 | K23: =+G23*C23 -> 552.96 | L23: =+H23*C23 -> 1670.4 | M23: =IF(D23=0," ",(I23*C23)) -> 82.944 | N23: =IF(D23=0," ",(J23*C23)) -> 250.56
A24: =IF(F24<>"",(LARGE(A$7:A23,1)+1),"")
A25: =IF(F25<>"",(LARGE(A$7:A24,1)+1),"") -> 6 | B25: Formwork | C25: =16*2*1.2 -> 38.4 | D25: m2 | E25: =G25+H25+J25+I25 -> 13.57 | F25: =E25*C25 -> 521.088 | G25: 11.8 | H25: 0 | I25: =IF(D25=0," ",(G25)*(Details!$C$4+Details!$C$8)) -> 1.77 | J25: =IF(D25=0," ",(H25)*(Details!$C$6+Details!$C$8)) -> 0 | K25: =+G25*C25 -> 453.12 | L25: =+H25*C25 -> 0 | M25: =IF(D25=0," ",(I25*C25)) -> 67.968 | N25: =IF(D25=0," ",(J25*C25)) -> 0
A26: =IF(F26<>"",(LARGE(A$7:A25,1)+1),"")
A27: =IF(F27<>"",(LARGE(A$7:A26,1)+1),"") -> 7 | B27: 0.6M Wide X 1M Depth Reinforced Concrete Footing (11 LM) | C27: =0.6*1*11 -> 6.6 | D27: m3 | E27: =G27+H27+J27+I27 -> 221.95 | F27: =E27*C27 -> 1464.87 | G27: 48 | H27: 145 | I27: =IF(D27=0," ",(G27)*(Details!$C$4+Details!$C$8)) -> 7.2 | J27: =IF(D27=0," ",(H27)*(Details!$C$6+Details!$C$8)) -> 21.75 | K27: =+G27*C27 -> 316.8 | L27: =+H27*C27 -> 957 | M27: =IF(D27=0," ",(I27*C27)) -> 47.52 | N27: =IF(D27=0," ",(J27*C27)) -> 143.55
A28: =IF(F28<>"",(LARGE(A$7:A27,1)+1),"")
A29: =IF(F29<>"",(LARGE(A$7:A28,1)+1),"") -> 8 | B29: Formwork | C29: =11*2*1 -> 22 | D29: m2 | E29: =G29+H29+J29+I29 -> 13.57 | F29: =E29*C29 -> 298.54 | G29: 11.8 | I29: =IF(D29=0," ",(G29)*(Details!$C$4+Details!$C$8)) -> 1.77 | J29: =IF(D29=0," ",(H29)*(Details!$C$6+Details!$C$8)) -> 0 | K29: =+G29*C29 -> 259.6 | L29: =+H29*C29 -> 0 | M29: =IF(D29=0," ",(I29*C29)) -> 38.94 | N29: =IF(D29=0," ",(J29*C29)) -> 0
A30: =IF(F30<>"",(LARGE(A$7:A29,1)+1),"")
B31: 0.45X0.45M Reinforced Concrete Grade Beam (10 LM) | C31: =0.45*0.45*10 -> 2.025 | D31: m3 | E31: =G31+H31+J31+I31 -> 221.95 | F31: =E31*C31 -> 449.44875 | G31: 48 | H31: 145 | I31: =IF(D31=0," ",(G31)*(Details!$C$4+Details!$C$8)) -> 7.2 | J31: =IF(D31=0," ",(H31)*(Details!$C$6+Details!$C$8)) -> 21.75 | K31: =+G31*C31 -> 97.2 | L31: =+H31*C31 -> 293.625 | M31: =IF(D31=0," ",(I31*C31)) -> 14.58 | N31: =IF(D31=0," ",(J31*C31)) -> 44.04375
B33: Formwork | C33: =10*2*0.45 -> 9 | D33: m2 | E33: =G33+H33+J33+I33 -> 13.57 | F33: =E33*C33 -> 122.13 | G33: 11.8 | I33: =IF(D33=0," ",(G33)*(Details!$C$4+Details!$C$8)) -> 1.77 | J33: =IF(D33=0," ",(H33)*(Details!$C$6+Details!$C$8)) -> 0 | K33: =+G33*C33 -> 106.2 | L33: =+H33*C33 -> 0 | M33: =IF(D33=0," ",(I33*C33)) -> 15.93 | N33: =IF(D33=0," ",(J33*C33)) -> 0
A36: =IF(F36<>"",(LARGE(A$7:A30,1)+1),"") | B36: BELOW DPC WALLS | I36: =IF(D36=0," ",(G36)*(Details!$C$4+Details!$C$8)) | J36: =IF(D36=0," ",(H36)*(Details!$C$6+Details!$C$8)) | N36: =IF(D36=0," ",(J36*C36))
A37: =IF(F37<>"",(LARGE(A$7:A36,1)+1),"") | N37: =IF(D37=0," ",(J37*C37))
A38: =IF(F38<>"",(LARGE(A$7:A37,1)+1),"") -> 9 | B38: Below DPC blockwork | C38: =27*0.4 -> 10.8 | D38: m2 | E38: =G38+H38+J38+I38 -> 51.29 | F38: =E38*C38 -> 553.932 | G38: 15.4 | H38: 29.2 | I38: =IF(D38=0," ",(G38)*(Details!$C$4+Details!$C$8)) -> 2.31 | J38: =IF(D38=0," ",(H38)*(Details!$C$6+Details!$C$8)) -> 4.38 | K38: =+G38*C38 -> 166.32 | L38: =+H38*C38 -> 315.36 | M38: =IF(D38=0," ",(I38*C38)) -> 24.948 | N38: =IF(D38=0," ",(J38*C38)) -> 47.304
A39: =IF(F39<>"",(LARGE(A$7:A38,1)+1),"") | N39: =IF(D39=0," ",(J39*C39))
A40: =IF(F40<>"",(LARGE(A$7:A39,1)+1),"") -> 10 | B40: Air bricks and telescopic vents | C40: =ROUNDUP((C46/2),0.1) -> 14 | D40: no. | E40: =G40+H40+J40+I40 -> 11.6725 | F40: =E40*C40 -> 163.415 | G40: 4.65 | H40: 5.5 | I40: =IF(D40=0," ",(G40)*(Details!$C$4+Details!$C$8)) -> 0.6975 | J40: =IF(D40=0," ",(H40)*(Details!$C$6+Details!$C$8)) -> 0.825 | K40: =+G40*C40 -> 65.1 | L40: =+H40*C40 -> 77 | M40: =IF(D40=0," ",(I40*C40)) -> 9.765 | N40: =IF(D40=0," ",(J40*C40)) -> 11.55
A41: =IF(F41<>"",(LARGE(A$7:A40,1)+1),"") | N41: =IF(D41=0," ",(J41*C41))
A42: =IF(F42<>"",(LARGE(A$7:A41,1)+1),"") -> 11 | B42: Below DPC brickwork | C42: =C46*5*0.075 -> 10.125 | D42: m2 | E42: =G42+H42+J42+I42 -> 55.89 | F42: =E42*C42 -> 565.88625 | G42: 19.4 | H42: 29.2 | I42: =IF(D42=0," ",(G42)*(Details!$C$4+Details!$C$8)) -> 2.91 | J42: =IF(D42=0," ",(H42)*(Details!$C$6+Details!$C$8)) -> 4.38 | K42: =+G42*C42 -> 196.425 | L42: =+H42*C42 -> 295.65 | M42: =IF(D42=0," ",(I42*C42)) -> 29.46375 | N42: =IF(D42=0," ",(J42*C42)) -> 44.3475
A43: =IF(F43<>"",(LARGE(A$7:A42,1)+1),"") | N43: =IF(D43=0," ",(J43*C43))
A44: =IF(F44<>"",(LARGE(A$7:A43,1)+1),"") -> 12 | B44: Cavity fill | C44: =C46*0.1*0.5 -> 1.35 | D44: m3 | E44: =G44+H44+J44+I44 -> 11.845 | F44: =E44*C44 -> 15.99075 | G44: 4.8 | H44: 5.5 | I44: =IF(D44=0," ",(G44)*(Details!$C$4+Details!$C$8)) -> 0.72 | J44: =IF(D44=0," ",(H44)*(Details!$C$6+Details!$C$8)) -> 0.825 | K44: =+G44*C44 -> 6.48 | L44: =+H44*C44 -> 7.425 | M44: =IF(D44=0," ",(I44*C44)) -> 0.972 | N44: =IF(D44=0," ",(J44*C44)) -> 1.11375
A45: =IF(F45<>"",(LARGE(A$7:A44,1)+1),"") | N45: =IF(D45=0," ",(J45*C45))
A46: =IF(F46<>"",(LARGE(A$7:A45,1)+1),"") -> 13 | B46: DPC | C46: 27 | D46: m | E46: =G46+H46+J46+I46 -> 9.545 | F46: =E46*C46 -> 257.715 | G46: 3.8 | H46: 4.5 | I46: =IF(D46=0," ",(G46)*(Details!$C$4+Details!$C$8)) -> 0.57 | J46: =IF(D46=0," ",(H46)*(Details!$C$6+Details!$C$8)) -> 0.675 | K46: =+G46*C46 -> 102.6 | L46: =+H46*C46 -> 121.5 | M46: =IF(D46=0," ",(I46*C46)) -> 15.39 | N46: =IF(D46=0," ",(J46*C46)) -> 18.225
A47: =IF(F47<>"",(LARGE(A$7:A46,1)+1),"") | N47: =IF(D47=0," ",(J47*C47))
A48: =IF(F48<>"",(LARGE(A$7:A47,1)+1),"") | B48: GROUND FLOOR SYSTEM | I48: =IF(D48=0," ",(G48)*(Details!$C$4+Details!$C$8)) | J48: =IF(D48=0," ",(H48)*(Details!$C$6+Details!$C$8)) | N48: =IF(D48=0," ",(J48*C48))
A49: =IF(F49<>"",(LARGE(A$7:A48,1)+1),"") | N49: =IF(D49=0," ",(J49*C49))
A50: =IF(F50<>"",(LARGE(A$7:A49,1)+1),"") -> 14 | B50: Treatment to floor area | C50: 39 | D50: m2 | E50: =G50+H50+J50+I50 -> 40.595 | F50: =E50*C50 -> 1583.205 | G50: 15.5 | H50: 19.8 | I50: =IF(D50=0," ",(G50)*(Details!$C$4+Details!$C$8)) -> 2.325 | J50: =IF(D50=0," ",(H50)*(Details!$C$6+Details!$C$8)) -> 2.97 | K50: =+G50*C50 -> 604.5 | L50: =+H50*C50 -> 772.2 | M50: =IF(D50=0," ",(I50*C50)) -> 90.675 | N50: =IF(D50=0," ",(J50*C50)) -> 115.83
A51: =IF(F51<>"",(LARGE(A$7:A50,1)+1),"") | N51: =IF(D51=0," ",(J51*C51))
A52: =IF(F52<>"",(LARGE(A$7:A51,1)+1),"") -> 15 | B52: 65mm Sand/ Cement Screed | C52: 39 | D52: m2 | E52: =G52+H52+J52+I52 -> 22.54 | F52: =E52*C52 -> 879.06 | G52: 8 | H52: 11.6 | I52: =IF(D52=0," ",(G52)*(Details!$C$4+Details!$C$8)) -> 1.2 | J52: =IF(D52=0," ",(H52)*(Details!$C$6+Details!$C$8)) -> 1.74 | K52: =+G52*C52 -> 312 | L52: =+H52*C52 -> 452.4 | M52: =IF(D52=0," ",(I52*C52)) -> 46.8 | N52: =IF(D52=0," ",(J52*C52)) -> 67.86
A53: =IF(F53<>"",(LARGE(A$7:A52,1)+1),"") | N53: =IF(D53=0," ",(J53*C53))
A54: =IF(F54<>"",(LARGE(A$7:A53,1)+1),"") -> 16 | B54: Well Compacting hardcore | C54: =+C50 -> 39 | D54: m2 | E54: =G54+H54+J54+I54 -> 18.745 | F54: =E54*C54 -> 731.055 | G54: 6.5 | H54: 9.8 | I54: =IF(D54=0," ",(G54)*(Details!$C$4+Details!$C$8)) -> 0.975 | J54: =IF(D54=0," ",(H54)*(Details!$C$6+Details!$C$8)) -> 1.47 | K54: =+G54*C54 -> 253.5 | L54: =+H54*C54 -> 382.2 | M54: =IF(D54=0," ",(I54*C54)) -> 38.025 | N54: =IF(D54=0," ",(J54*C54)) -> 57.33
A55: =IF(F55<>"",(LARGE(A$7:A54,1)+1),"") | N55: =IF(D55=0," ",(J55*C55))
A56: =IF(F56<>"",(LARGE(A$7:A55,1)+1),"") -> 17 | B56: Sand blinding; assumed 50mm | C56: =+C54*0.05 -> 1.95 | D56: m3 | E56: =G56+H56+J56+I56 -> 34.04 | F56: =E56*C56 -> 66.378 | G56: 9.8 | H56: 19.8 | I56: =IF(D56=0," ",(G56)*(Details!$C$4+Details!$C$8)) -> 1.47 | J56: =IF(D56=0," ",(H56)*(Details!$C$6+Details!$C$8)) -> 2.97 | K56: =+G56*C56 -> 19.11 | L56: =+H56*C56 -> 38.61 | M56: =IF(D56=0," ",(I56*C56)) -> 2.8665 | N56: =IF(D56=0," ",(J56*C56)) -> 5.7915
A57: =IF(F57<>"",(LARGE(A$7:A56,1)+1),"") | N57: =IF(D57=0," ",(J57*C57))
A58: =IF(F58<>"",(LARGE(A$7:A57,1)+1),"") -> 18 | B58: 1000g Polythene VCL Protection | C58: 39 | D58: m2 | E58: =G58+H58+J58+I58 -> 8.28 | F58: =E58*C58 -> 322.92 | G58: 3 | H58: 4.2 | I58: =IF(D58=0," ",(G58)*(Details!$C$4+Details!$C$8)) -> 0.45 | J58: =IF(D58=0," ",(H58)*(Details!$C$6+Details!$C$8)) -> 0.63 | K58: =+G58*C58 -> 117 | L58: =+H58*C58 -> 163.8 | M58: =IF(D58=0," ",(I58*C58)) -> 17.55 | N58: =IF(D58=0," ",(J58*C58)) -> 24.57
A59: =IF(F59<>"",(LARGE(A$7:A58,1)+1),"") | N59: =IF(D59=0," ",(J59*C59))
A60: =IF(F60<>"",(LARGE(A$7:A59,1)+1),"") -> 19 | B60: 100mm Thick Concrete | C60: =29*0.1 -> 2.9 | D60: m2 | E60: =G60+H60+J60+I60 -> 65.435 | F60: =E60*C60 -> 189.7615 | G60: 20.4 | H60: 36.5 | I60: =IF(D60=0," ",(G60)*(Details!$C$4+Details!$C$8)) -> 3.06 | J60: =IF(D60=0," ",(H60)*(Details!$C$6+Details!$C$8)) -> 5.475 | K60: =+G60*C60 -> 59.16 | L60: =+H60*C60 -> 105.85 | M60: =IF(D60=0," ",(I60*C60)) -> 8.874 | N60: =IF(D60=0," ",(J60*C60)) -> 15.8775
A61: =IF(F61<>"",(LARGE(A$7:A60,1)+1),"") | N61: =IF(D61=0," ",(J61*C61))
A62: =IF(F62<>"",(LARGE(A$7:A61,1)+1),"") -> 20 | B62: 100mm Thick Kingspan Kooltherm K103 Insulation | C62: 39 | D62: m2 | E62: =G62+H62+J62+I62 -> 13.0525 | F62: =E62*C62 -> 509.0475 | G62: 4.8 | H62: 6.55 | I62: =IF(D62=0," ",(G62)*(Details!$C$4+Details!$C$8)) -> 0.72 | J62: =IF(D62=0," ",(H62)*(Details!$C$6+Details!$C$8)) -> 0.9825 | K62: =+G62*C62 -> 187.2 | L62: =+H62*C62 -> 255.45 | M62: =IF(D62=0," ",(I62*C62)) -> 28.08 | N62: =IF(D62=0," ",(J62*C62)) -> 38.3175
A63: =IF(F63<>"",(LARGE(A$7:A62,1)+1),"") | N63: =IF(D63=0," ",(J63*C63))
A64: =IF(F64<>"",(LARGE(A$7:A63,1)+1),"") -> 21 | B64: 1200 g Polythene DPM | C64: 39 | D64: m2 | E64: =G64+H64+J64+I64 -> 8.4525 | F64: =E64*C64 -> 329.6475 | G64: 3 | H64: 4.35 | I64: =IF(D64=0," ",(G64)*(Details!$C$4+Details!$C$8)) -> 0.45 | J64: =IF(D64=0," ",(H64)*(Details!$C$6+Details!$C$8)) -> 0.6525 | K64: =+G64*C64 -> 117 | L64: =+H64*C64 -> 169.65 | M64: =IF(D64=0," ",(I64*C64)) -> 17.55 | N64: =IF(D64=0," ",(J64*C64)) -> 25.4475
A66: =IF(F66<>"",(LARGE(A$7:A65,1)+1),"") -> 22 | B66: 500 g Polythene Secondry DPM | C66: 39 | D66: m2 | E66: =G66+H66+J66+I66 -> 7.82 | F66: =E66*C66 -> 304.98 | G66: 3 | H66: 3.8 | I66: =IF(D66=0," ",(G66)*(Details!$C$4+Details!$C$8)) -> 0.45 | J66: =IF(D66=0," ",(H66)*(Details!$C$6+Details!$C$8)) -> 0.57 | K66: =+G66*C66 -> 117 | L66: =+H66*C66 -> 148.2 | M66: =IF(D66=0," ",(I66*C66)) -> 17.55 | N66: =IF(D66=0," ",(J66*C66)) -> 22.23
A68: =IF(F68<>"",(LARGE(A$7:A67,1)+1),"") -> 23 | B68: Reinforced With D49 Mesh | C68: 39 | D68: m2 | E68: =G68+H68+J68+I68 -> 21.16 | F68: =E68*C68 -> 825.24 | G68: 7 | H68: 11.4 | I68: =IF(D68=0," ",(G68)*(Details!$C$4+Details!$C$8)) -> 1.05 | J68: =IF(D68=0," ",(H68)*(Details!$C$6+Details!$C$8)) -> 1.71 | K68: =+G68*C68 -> 273 | L68: =+H68*C68 -> 444.6 | M68: =IF(D68=0," ",(I68*C68)) -> 40.95 | N68: =IF(D68=0," ",(J68*C68)) -> 66.69
A71: =IF(F71<>"",(LARGE(A$7:A68,1)+1),"") | B71: BELOW GROUND DRAINAGE PIPEWORK | N71: =IF(D71=0," ",(J71*C71))
A72: =IF(F72<>"",(LARGE(A$7:A71,1)+1),"") | N72: =IF(D72=0," ",(J72*C72))
A73: =IF(F73<>"",(LARGE(A$7:A72,1)+1),"") -> 24 | B73: Excavate for below ground drainage runs | C73: =+C77*0.45*1 -> 4.95 | D73: m3 | E73: =G73+H73+J73+I73 -> 32.2 | F73: =E73*C73 -> 159.39 | G73: 28 | I73: =IF(D73=0," ",(G73)*(Details!$C$4+Details!$C$8)) -> 4.2 | J73: =IF(D73=0," ",(H73)*(Details!$C$6+Details!$C$8)) -> 0 | K73: =+G73*C73 -> 138.6 | L73: =+H73*C73 -> 0 | M73: =IF(D73=0," ",(I73*C73)) -> 20.79 | N73: =IF(D73=0," ",(J73*C73)) -> 0
A74: =IF(F74<>"",(LARGE(A$7:A73,1)+1),"") | N74: =IF(D74=0," ",(J74*C74))
A75: =IF(F75<>"",(LARGE(A$7:A74,1)+1),"") -> 25 | B75: Cart away spoil (assume clean and inert) | C75: =C73 -> 4.95 | D75: m3 | E75: =G75+H75+J75+I75 -> 11.27 | F75: =E75*C75 -> 55.7865 | G75: 9.8 | I75: =IF(D75=0," ",(G75)*(Details!$C$4+Details!$C$8)) -> 1.47 | J75: =IF(D75=0," ",(H75)*(Details!$C$6+Details!$C$8)) -> 0 | K75: =+G75*C75 -> 48.51 | L75: =+H75*C75 -> 0 | M75: =IF(D75=0," ",(I75*C75)) -> 7.2765 | N75: =IF(D75=0," ",(J75*C75)) -> 0
A76: =IF(F76<>"",(LARGE(A$7:A75,1)+1),"") | N76: =IF(D76=0," ",(J76*C76))
A77: =IF(F77<>"",(LARGE(A$7:A76,1)+1),"") -> 26 | B77: Supply and lay drainage pipework; 100mm UPVC | C77: 11 | D77: m | E77: =G77+H77+J77+I77 -> 16.0425 | F77: =E77*C77 -> 176.4675 | G77: 5.5 | H77: 8.45 | I77: =IF(D77=0," ",(G77)*(Details!$C$4+Details!$C$8)) -> 0.825 | J77: =IF(D77=0," ",(H77)*(Details!$C$6+Details!$C$8)) -> 1.2675 | K77: =+G77*C77 -> 60.5 | L77: =+H77*C77 -> 92.95 | M77: =IF(D77=0," ",(I77*C77)) -> 9.075 | N77: =IF(D77=0," ",(J77*C77)) -> 13.9425
A78: =IF(F78<>"",(LARGE(A$7:A77,1)+1),"") | N78: =IF(D78=0," ",(J78*C78))
A79: =IF(F79<>"",(LARGE(A$7:A78,1)+1),"") -> 27 | B79: 150mm Bed and surround; Shingle | C79: =C77 -> 11 | D79: m | E79: =G79+H79+J79+I79 -> 21.85 | F79: =E79*C79 -> 240.35 | G79: 7.2 | H79: 11.8 | I79: =IF(D79=0," ",(G79)*(Details!$C$4+Details!$C$8)) -> 1.08 | J79: =IF(D79=0," ",(H79)*(Details!$C$6+Details!$C$8)) -> 1.77 | K79: =+G79*C79 -> 79.2 | L79: =+H79*C79 -> 129.8 | M79: =IF(D79=0," ",(I79*C79)) -> 11.88 | N79: =IF(D79=0," ",(J79*C79)) -> 19.47
A80: =IF(F80<>"",(LARGE(A$7:A79,1)+1),"") | N80: =IF(D80=0," ",(J80*C80))
A81: =IF(F81<>"",(LARGE(A$7:A80,1)+1),"") -> 28 | B81: Backfilling with selected fill | C81: =C75 -> 4.95 | D81: m3 | E81: =G81+H81+J81+I81 -> 15.41 | F81: =E81*C81 -> 76.2795 | G81: 13.4 | I81: =IF(D81=0," ",(G81)*(Details!$C$4+Details!$C$8)) -> 2.01 | J81: =IF(D81=0," ",(H81)*(Details!$C$6+Details!$C$8)) -> 0 | K81: =+G81*C81 -> 66.33 | L81: =+H81*C81 -> 0 | M81: =IF(D81=0," ",(I81*C81)) -> 9.9495 | N81: =IF(D81=0," ",(J81*C81)) -> 0
A82: =IF(F82<>"",(LARGE(A$7:A81,1)+1),"") | N82: =IF(D82=0," ",(J82*C82))
A83: =IF(F83<>"",(LARGE(A$7:A82,1)+1),"") -> 29 | B83: Extra over for bends and junctions as required (provisional sum) | C83: 1 | D83: item | E83: =G83+H83+J83+I83 -> 92 | F83: =E83*C83 -> 92 | G83: 80 | I83: =IF(D83=0," ",(G83)*(Details!$C$4+Details!$C$8)) -> 12 | J83: =IF(D83=0," ",(H83)*(Details!$C$6+Details!$C$8)) -> 0 | K83: =+G83*C83 -> 80 | L83: =+H83*C83 -> 0 | M83: =IF(D83=0," ",(I83*C83)) -> 12 | N83: =IF(D83=0," ",(J83*C83)) -> 0
A84: =IF(F84<>"",(LARGE(A$7:A83,1)+1),"")
A85: =IF(F85<>"",(LARGE(A$7:A84,1)+1),"") | B85: DRAINAGE SUNDRIES | N85: =IF(D85=0," ",(J85*C85))
A87: =IF(F87<>"",(LARGE(A$7:A85,1)+1),"") -> 30 | B87: Connection into existing (provisional sum) | C87: 1 | D87: item | E87: =G87+H87+J87+I87 -> 207 | F87: =E87*C87 -> 207 | G87: 180 | I87: =IF(D87=0," ",(G87)*(Details!$C$4+Details!$C$8)) -> 27 | J87: =IF(D87=0," ",(H87)*(Details!$C$6+Details!$C$8)) -> 0 | K87: =+G87*C87 -> 180 | L87: =+H87*C87 -> 0 | M87: =IF(D87=0," ",(I87*C87)) -> 27 | N87: =IF(D87=0," ",(J87*C87)) -> 0
A88: =IF(F88<>"",(LARGE(A$7:A87,1)+1),"")
A89: =IF(F89<>"",(LARGE(A$7:A87,1)+1),"") -> 31 | B89: Inspection Chamber | C89: 1 | D89: no. | E89: =G89+H89+J89+I89 -> 586.5 | F89: =E89*C89 -> 586.5 | G89: 130 | H89: 380 | I89: =IF(D89=0," ",(G89)*(Details!$C$4+Details!$C$8)) -> 19.5 | J89: =IF(D89=0," ",(H89)*(Details!$C$6+Details!$C$8)) -> 57 | K89: =+G89*C89 -> 130 | L89: =+H89*C89 -> 380 | M89: =IF(D89=0," ",(I89*C89)) -> 19.5 | N89: =IF(D89=0," ",(J89*C89)) -> 57
A91: =IF(F91<>"",(LARGE(A$7:A88,1)+1),"") -> 31 | B91: Rainwater pipe connection with below ground drainage | C91: 1 | D91: no. | E91: =G91+H91+J91+I91 -> 327.75 | F91: =E91*C91 -> 327.75 | G91: 90 | H91: 195 | I91: =IF(D91=0," ",(G91)*(Details!$C$4+Details!$C$8)) -> 13.5 | J91: =IF(D91=0," ",(H91)*(Details!$C$6+Details!$C$8)) -> 29.25 | K91: =+G91*C91 -> 90 | L91: =+H91*C91 -> 195 | M91: =IF(D91=0," ",(I91*C91)) -> 13.5 | N91: =IF(D91=0," ",(J91*C91)) -> 29.25
A92: =IF(F92<>"",(LARGE(A$7:A91,1)+1),"")
A93: =IF(F93<>"",(LARGE(A$7:A92,1)+1),"") | B93: FOUL WATER DRAINAGE WORKS
A94: =IF(F94<>"",(LARGE(A$7:A93,1)+1),"")
A95: =IF(F95<>"",(LARGE(A$7:A94,1)+1),"") -> 32 | B95: Foul water drainage works (If Required) | C95: 1 | D95: item | E95: =G95+H95+J95+I95 -> 402.5 | F95: =E95*C95 -> 402.5 | G95: 160 | H95: 190 | I95: =IF(D95=0," ",(G95)*(Details!$C$4+Details!$C$8)) -> 24 | J95: =IF(D95=0," ",(H95)*(Details!$C$6+Details!$C$8)) -> 28.5 | K95: =+G95*C95 -> 160 | L95: =+H95*C95 -> 190 | M95: =IF(D95=0," ",(I95*C95)) -> 24 | N95: =IF(D95=0," ",(J95*C95)) -> 28.5
A96: =IF(F96<>"",(LARGE(A$7:A95,1)+1),"")
A98: =IF(F98<>"",(LARGE(A$7:A96,1)+1),"") | P98: Check
E99: Sub Total | F99: =SUM(F1:F98) -> 16484.922 | K99: =SUM(K7:K98) -> 6676.045 | L99: =SUM(L7:L98) -> 7658.67 | M99: =SUM(M7:M98) -> 1001.4068 | N99: =SUM(N7:N98) -> 1148.8005 | P99: =+F99-K99-L99-N99-M99 -> 1.8189894e-12
A100: =IF(F100<>"",(LARGE(A$7:A99,1)+1),"")

Sheet Preliminaries
B2: =+'Qual, Excl & Assum'!B2 -> PROJECT: SAMPLE FOR SUBSTRUCTURE
B3: =+'Qual, Excl & Assum'!B3 -> DATE:
B5: Preliminaries
K6: 1
B7: Description | C7: Quantity | D7: Unit | E7: Rate | F7: Total | G7: Plant | H7: Markup
A9: 1 | B9: Site setup | C9: 1 | D9: Item | E9: 0 | F9: =E9*C9 -> 0 | H9: =IF(D9=0," ",(G9)*(Details!$C$4+Details!$C$8)) -> 0
A11: =IF(F11<>"",(LARGE(A$7:A10,1)+1),"") -> 2 | B11: Rubbish removal; skips | C11: 1 | D11: no. | E11: 0 | F11: =+E11*C11 -> 0 | H11: =IF(D11=0," ",(G11)*(Details!$C$4+Details!$C$8)) -> 0
A12: =IF(F12<>"",(LARGE(A$7:A11,1)+1),"")
A13: =IF(F13<>"",(LARGE(A$7:A12,1)+1),"") -> 3 | B13: Scaffolding and safe stands | C13: 1 | D13: item | E13: 0 | F13: =E13*C13 -> 0 | H13: =IF(D13=0," ",(G13)*(Details!$C$4+Details!$C$8)) -> 0
A14: =IF(F14<>"",(LARGE(A$7:A13,1)+1),"")
A15: =IF(F15<>"",(LARGE(A$7:A14,1)+1),"") -> 4 | B15: Welfare facilities | C15: 1 | D15: item | E15: 0 | F15: =E15*C15 -> 0 | H15: =IF(D15=0," ",(G15)*(Details!$C$4+Details!$C$8)) -> 0
A16: =IF(F16<>"",(LARGE(A$7:A15,1)+1),"")
A17: =IF(F17<>"",(LARGE(A$7:A16,1)+1),"") -> 5 | B17: Small plant and tools | C17: 1 | D17: item | E17: 0 | F17: =E17*C17 -> 0 | H17: =IF(D17=0," ",(G17)*(Details!$C$4+Details!$C$8)) -> 0
A18: =IF(F18<>"",(LARGE(A$7:A17,1)+1),"")
A19: =IF(F19<>"",(LARGE(A$7:A18,1)+1),"") -> 6 | B19: Protection | C19: 1 | D19: item | E19: 0 | F19: =E19*C19 -> 0 | H19: =IF(D19=0," ",(G19)*(Details!$C$4+Details!$C$8)) -> 0
A20: =IF(F20<>"",(LARGE(A$7:A19,1)+1),"")
A21: =IF(F21<>"",(LARGE(A$7:A20,1)+1),"") -> 7 | B21: Temporary supplies | C21: 1 | D21: item | E21: 0 | F21: =E21*C21 -> 0 | H21: =IF(D21=0," ",(G21)*(Details!$C$4+Details!$C$8)) -> 0
A22: =IF(F22<>"",(LARGE(A$7:A21,1)+1),"")
A23: =IF(F23<>"",(LARGE(A$7:A22,1)+1),"") -> 8 | B23: Lifting and propping | C23: 1 | D23: item | E23: 0 | F23: =E23*C23 -> 0 | H23: =IF(D23=0," ",(G23)*(Details!$C$4+Details!$C$8)) -> 0
A24: =IF(F24<>"",(LARGE(A$7:A23,1)+1),"")
A25: =IF(F25<>"",(LARGE(A$7:A24,1)+1),"") -> 9 | B25: Cleaning (no allowance for sparkle clean) | C25: 1 | D25: item | E25: 0 | F25: =E25*C25 -> 0 | H25: =IF(D25=0," ",(G25)*(Details!$C$4+Details!$C$8)) -> 0
A26: =IF(F26<>"",(LARGE(A$7:A25,1)+1),"")
A27: =IF(F27<>"",(LARGE(A$7:A26,1)+1),"") -> 10 | B27: Health & safety | C27: 1 | D27: item | E27: 0 | F27: =E27*C27 -> 0 | H27: =IF(D27=0," ",(G27)*(Details!$C$4+Details!$C$8)) -> 0
A28: =IF(F28<>"",(LARGE(A$7:A27,1)+1),"")
A29: =IF(F29<>"",(LARGE(A$7:A28,1)+1),"") -> 11 | B29: Insurance | C29: 1 | D29: item | E29: 0 | F29: =E29*C29 -> 0 | H29: =IF(D29=0," ",(G29)*(Details!$C$4+Details!$C$8)) -> 0
A30: =IF(F30<>"",(LARGE(A$7:A29,1)+1),"")
A31: =IF(F31<>"",(LARGE(A$7:A30,1)+1),"") -> 12 | B31: Site accommodation | C31: 1 | D31: item | E31: 0 | F31: =E31*C31 -> 0 | H31: =IF(D31=0," ",(G31)*(Details!$C$4+Details!$C$8)) -> 0
H32: =IF(D32=0," ",(G32)*(Details!$C$4+Details!$C$6))
A33: =IF(F33<>"",(LARGE(A$7:A32,1)+1),"") -> 13 | B33: Management | C33: 1 | D33: item | E33: 0 | F33: =E33*C33 -> 0 | H33: =IF(D33=0," ",(G33)*(Details!$C$4+Details!$C$8)) -> 0
A34: =IF(F34<>"",(LARGE(A$7:A33,1)+1),"") | H34: =IF(D34=0," ",(G34)*(Details!$C$4+Details!$C$6))
A35: =IF(F35<>"",(LARGE(A$7:A34,1)+1),"") | H35: =IF(D35=0," ",(G35)*(Details!$C$4+Details!$C$6))
A36: =IF(F36<>"",(LARGE(A$7:A35,1)+1),"") | H36: =IF(D36=0," ",(G36)*(Details!$C$4+Details!$C$6))
A37: =IF(F37<>"",(LARGE(A$7:A36,1)+1),"") | H37: =IF(D37=0," ",(G37)*(Details!$C$4+Details!$C$6))
A38: =IF(F38<>"",(LARGE(A$7:A37,1)+1),"") | H38: =IF(D38=0," ",(G38)*(Details!$C$4+Details!$C$6))
A39: =IF(F39<>"",(LARGE(A$7:A38,1)+1),"") | H39: =IF(D39=0," ",(G39)*(Details!$C$4+Details!$C$6))
A40: =IF(F40<>"",(LARGE(A$7:A39,1)+1),"") | H40: =IF(D40=0," ",(G40)*(Details!$C$4+Details!$C$6))
A41: =IF(F41<>"",(LARGE(A$7:A40,1)+1),"") | H41: =IF(D41=0," ",(G41)*(Details!$C$4+Details!$C$6))
A42: =IF(F42<>"",(LARGE(A$7:A41,1)+1),"") | H42: =IF(D42=0," ",(G42)*(Details!$C$4+Details!$C$6))
A43: =IF(F43<>"",(LARGE(A$7:A42,1)+1),"") | H43: =IF(D43=0," ",(G43)*(Details!$C$4+Details!$C$6))
A44: =IF(F44<>"",(LARGE(A$7:A43,1)+1),"") | H44: =IF(D44=0," ",(G44)*(Details!$C$4+Details!$C$6))
A45: =IF(F45<>"",(LARGE(A$7:A44,1)+1),"") | H45: =IF(D45=0," ",(G45)*(Details!$C$4+Details!$C$6))
... A63: =IF(F63<>"",(LARGE(A$7:A62,1)+1),"") | H63: =IF(D63=0," ",(G63)*(Details!$C$4+Details!$C$6))
A64: =IF(F64<>"",(LARGE(A$7:A63,1)+1),"") | H64: =IF(D64=0," ",(G64)*(Details!$C$4))
A65: =IF(D65=0," ",(LARGE(A$9:A64,1)+1)) | E65: Sub Total | F65: =SUM(F1:F64) -> 0

Sheet Details
B2: MARKUP | J2: Total Inc Prelims | K2: =+Summary!D15 -> 16484.922
B4: Contractors Markup - Labour | C4: 0.1 | D4: =+C4+1 -> 1.1 | J4: Calculation Total | K4: =+(Summary!F11+Summary!G11)*1.1 -> 15768.186
M5: =CEILING((K4/K27),4) -> 4 | N5: Weeks
B6: Contractors Markup - Materials | C6: 0.1 | D6: =+C6+1 -> 1.1
J7: Range 1 | K7: 0 | L7: =IF(AND($K$4>=K7,$K$4<=K8),N7,O7) -> Yes | M7: 5000 | N7: Yes | O7: No
B8: Contractors Overheads | C8: 0.05 | D8: =+C8+1 -> 1.05 | K8: 50000
J9: Range 2 | K9: =K8 -> 50000 | L9: =IF(AND($K$4>=K9,$K$4<=K10),N9,O9) -> No | M9: 9000 | N9: Yes | O9: No
K10: 150000
J11: Range 3 | K11: =K10 -> 150000 | L11: =IF(AND($K$4>=K11,$K$4<=K12),N11,O11) -> No | M11: 10000 | N11: Yes | O11: No
K12: 350000
J13: Range 4 | K13: =K12 -> 350000 | L13: =IF(AND($K$4>=K13,$K$4<=K14),N13,O13) -> No | M13: 12500 | N13: Yes | O13: No
B14: Trades - Day Rates | C14: Client Day Rate £ | K14: 500000
B15: Groundworker | C15: 0 | J15: Range 5 | K15: =K14 -> 500000 | L15: =IF(AND($K$4>=K15,$K$4<=K16),N15,O15) -> No | M15: 14000 | N15: Yes | O15: No
B16: Bricklayer | C16: 300 | K16: 750000
B17: Roofer | C17: 0 | J17: Range 6 | K17: 750000 | L17: =IF(AND($K$4>=K17,$K$4<=K18),N17,O17) -> No | M17: 15500 | N17: Yes | O17: No
B18: Tiler | C18: 300 | K18: 1000000
B19: Carpenter | C19: 300 | J19: Range 7 | K19: =K18 -> 1000000 | L19: =IF(AND($K$4>=K19,$K$4<=K20),N19,O19) -> No | M19: 16750 | N19: Yes | O19: No
B20: Plasterer | C20: 0 | K20: 1250000
B21: General Trade | C21: 250 | J21: Range 8 | K21: =K20 -> 1250000 | L21: =IF(AND($K$4>=K21,$K$4<=K22),N21,O21) -> No | M21: 19000 | N21: Yes | O21: No
B22: Labourer | C22: 200 | K22: 1500000
B23: Decorator | C23: 0 | J23: Range 9 | K23: =K22 -> 1500000 | L23: =IF(AND($K$4>=K23,$K$4<=K24),N23,O23) -> No | M23: 20500 | N23: Yes | O23: No
B24: Plumber | C24: 0 | K24: 2000000
B25: Electrician | C25: 0 | J25: Range 10 - Over | K25: =K24 -> 2000000 | L25: =IF(AND($K$4>=K25,$K$4<=K26),N25,O25) -> No | M25: 27500 | N25: Yes | O25: No
K26: 500000000
J27: Calculation | K27: =IF(L7="Yes",M7)+IF(L9="Yes",M9)+IF(L11="Yes",M11)+IF(L13="Yes",M13)+IF(L15="Yes",M15)+IF(L17="Yes",M17)+IF(L19="Yes",M19)+IF(L21="Yes",M21)+IF(L23="Yes",M23) -> 5000
M29: Factor
M30: =+C15/250+IF(C15=0,1) -> 1
M31: =+C16/250+IF(C16=0,1) -> 1.2
M32: =+C17/250+IF(C17=0,1) -> 1
M33: =+C18/250+IF(C18=0,1) -> 1.2
M34: =+C19/250+IF(C19=0,1) -> 1.2
M35: =+C20/250+IF(C20=0,1) -> 1
M36: =+C21/220+IF(C21=0,1) -> 1.1363636
M37: =+C22/150+IF(C22=0,1) -> 1.3333333
M38: =+C23/220+IF(C23=0,1) -> 1
M39: =+C24/400+IF(C24=0,1) -> 1
M40: =+C25/400+IF(C25=0,1) -> 1
